 Dungeon Crawl Stone Soup version 0.17-a0-1767-gccbed74 (webtiles) character file.

186 4thArraOfDagon the Poker (level 5, -2/46 HPs)
             Began as a Centaur Chaos Knight on Sept 6, 2015.
             Slain by an orc
             ... wielding a +0 war axe
              (8 damage)
             ... on level 5 of the Dungeon.
             The game lasted 00:02:05 (396 turns).

4thArraOfDagon the Poker (Centaur Chaos Knight)      Turns: 396, Time: 00:02:05

Health: -2/46      AC:  3    Str: 14    XL:     5   Next: 38%
Magic:  5/5        EV:  9    Int: 12    God:    Xom [....*.]
Gold:   18         SH:  0    Dex:  9    Spells: 0 memorised, 4 levels left

rFire  . . .     SeeInvis .     a - +0 spear (chaos)
rCold  . . .     Clarity  .     b - +2 leather armour
rNeg   . . .     SustAt   .     (no shield)
rPois  .         Gourm    .     (no helmet)
rElec  .         Spirit   .     (no cloak)
rCorr  .         Warding  .     (no gloves)
rMut   .         Stasis   .     (no barding)
MR     .....                    (no amulet)
Stlth  ..........               (no ring)
                                o - -3 ring of protection (curse)

@: very quick, not resistant to hostile enchantments, extremely unstealthy
A: hooves 3, deformed body, speed 2, tough skin 3
a: Renounce Religion


You were on level 5 of the Dungeon.
You worshipped Xom.
You were a beloved toy of Xom.
You were not hungry.

You visited 1 branch of the dungeon, and saw 5 of its levels.

You collected 18 gold pieces.

Inventory:

Hand weapons
 a - a +0 spear of chaos (weapon)
Armour
 b - a +2 leather armour (worn)
Jewellery
 o - a cursed -3 ring of protection (left hand)
Scrolls
 g - a scroll of blinking {unknown}
 p - a scroll of remove curse {unknown}
Potions
 h - 2 potions of poison {unknown}
 i - 2 potions of flight
 k - a potion of brilliance
 m - a potion of heal wounds
Comestibles
 c - 3 bread rations
 n - 3 chunks of flesh


   Skills:
 + Level 3.9 Fighting
 * Level 4.4 Polearms
 + Level 2.3 Armour
 - Level 0.6 Dodging


You had 4 spell levels left.
You didn't know any spells.

Dungeon Overview and Level Annotations

Branches:
Dungeon (5/15)
 Temple: D:4-7

Altars:

Shops:
D:5 [


Innate Abilities, Weirdness & Mutations

You have hooves in place of feet.
Armour fits poorly on your strangely shaped body.
You cover ground very quickly.
You have extremely tough skin (AC +3).


Message History

Your quasit closely misses the orc wizard. x2
Unknown command.
The orc wizard mumbles some strange words.
The orc wizard flickers and vanishes!
Deactivating autopickup; reactivate with Ctrl-A.
Your quasit misses something. x2
Your quasit claws something but does no damage.
Unknown command.
Unknown command.
You hit the orc. You freeze the orc.
The orc is severely wounded.
You warm up again.
Your +0 spear of chaos unmelds from your body.
Your +2 leather armour unmelds from your body.
It is briefly surrounded by a scintillating aura of random colours.
Unknown command.
You hit the orc.
The orc is poisoned.
Your kick misses the orc.
The orc is almost dead.
The orc hits you with a war axe!
You die...

# # ########## #
#........# # #........# #
#........# # #5.......# #
#######{o.5....# #
####..5....##o#######
#....#######@.......#
##.#### ##.........#
####..# ###..........#
.....##****#......).....#
....o#*,,,...)..#.......#
.?..∩...##..###.#..(.†..#
......oo....,,..........#
....###o.###*##.#.....).#
...#*,,....o,.........<.#


You could see an orc and a friendly quasit.

Vanquished Creatures
  An ogre (D:5)
  2 orc priests (D:3)
  A worker ant (D:5)
  An ooze (D:3)
  A worm (D:3)
  5 orcs
  A goblin (D:3)
  3 bats
  A kobold (D:3)
  2 rats
18 creatures vanquished.

Notes
Turn   | Place    | Note
--------------------------------------------------------------
     0 | D:1      | 4thArraOfDagon the Centaur Chaos Knight began the quest for the Orb.
     0 | D:1      | Reached XP level 1. HP: 19/19 MP: 1/1
   137 | D:3      | Noticed an orc priest
   137 | D:3      | XOM: divination: detect items
   152 | D:3      | Killed an orc priest
   152 | D:3      | Reached XP level 2. HP: 17/26 MP: 2/2
   152 | D:3      | Reached XP level 3. HP: 20/31 MP: 3/3
   170 | D:3      | Noticed an orc priest
   184 | D:3      | Killed an orc priest
   194 | D:3      | Reached XP level 4. HP: 28/38 MP: 4/4
   262 | D:5      | Entered Level 5 of the Dungeon
   284 | D:5      | XOM: 2-stop teleportation journey
   294 | D:5      | Reached skill level 4 in Polearms
   308 | D:5      | Noticed an ogre
   316 | D:5      | XOM: cast spell 'Ice Form'
   321 | D:5      | Killed an ogre
   321 | D:5      | Reached XP level 5. HP: 29/46 MP: 5/5
   359 | D:5      | Found Otiecw's Antique Armour Shoppe.
   391 | D:5      | XOM: summons friendly quasit
   396 | D:5      | Slain by an orc

Vault maps used:
D:1:      minmay_arrival_loop
D:2:      cheibrodos_gnoll_hut, uniq_robin
D:3:      minitemple
D:4:      uniq_menkaure
D:5:      lightli_temple_of_fire, temple_green, serial_shops, shop, first_bread,
          fedhas_altar_4

Action                   |  1- 3 |  4- 6 || total
-------------------------+-------+-------++-------
Melee: Spear             |    33 |    19 ||    52
       Unarmed           |       |    12 ||    12
  Use: Scroll            |       |     7 ||     7
